 Dungeon Crawl Stone Soup version 0.23.0 (webtiles) character file.

Game seed: 9708691532927028675

3817 swicky the Cleaver (level 9, -7/86 HPs)
             Began as a Minotaur Berserker on Feb 15, 2019.
             Was a Priest of Trog.
             Killed from afar by a gargoyle (12 damage)
             ... with a stone arrow
             ... on level 7 of the Dungeon.
             The game lasted 00:12:05 (7560 turns).

swicky the Cleaver (Minotaur Berserker)             Turns: 7560, Time: 00:12:06

Health: -7/86      AC: 17    Str: 21    XL:     9   Next: 97%
Magic:  8/8        EV:  8    Int:  4    God:    Trog [***...]
Gold:   428        SH:  0    Dex: 14    Spells: 8/8 levels left

rFire    . . .     SeeInvis .   a - +0 hand axe
rCold    . . .     Gourm    .   (no shield)
rNeg     . . .     Faith    .   F - +0 plate armour
rPois    .         Spirit   .   (helmet restricted)
rElec    .         Reflect  .   q - +0 cloak
rCorr    .         Harm     .   (no gloves)
MR       .....                  r - +0 pair of boots
Stlth    ..........             (no amulet)
HPRegen  0.24/turn              (no ring)
MPRegen  0.11/turn              (no ring)

@: berserk cooldown, slowed, very slow
A: retaliatory headbutt, horns 2
a: Berserk, Trog's Hand, Renounce Religion


You were on level 7 of the Dungeon.
You worshipped Trog.
Trog was most pleased with you.
You were very hungry.

You visited 2 branches of the dungeon, and saw 8 of its levels.

You collected 428 gold pieces.

Inventory:

Hand Weapons
 a - a +0 hand axe (weapon)
Armour
 b - a +0 animal skin
 l - a +0 ring mail
 q - a +0 cloak (worn)
 r - a +0 pair of boots (worn)
 u - a +1 chain mail of cold resistance
 F - a +0 plate armour (worn)
Jewellery
 n - an uncursed ring of positive energy {unknown}
 z - an uncursed ring of protection from cold {unknown}
 E - a +3 ring of intelligence {unknown}
 G - a cursed ring of attention {unknown}
Wands
 t - a wand of flame (42)
 x - a wand of random effects (15)
 D - a wand of iceblast (7)
Scrolls
 e - 6 scrolls of remove curse {unknown}
 h - 3 scrolls of teleportation
 i - a scroll of noise {unknown}
 k - 9 scrolls of identify {unknown}
 m - a scroll of amnesia {unknown}
 p - a scroll of fear {unknown}
 v - 2 scrolls of enchant armour {unknown}
 y - 2 scrolls of random uselessness {unknown}
 A - 3 scrolls of blinking {unknown}
 B - 2 scrolls of enchant weapon {unknown}
Potions
 d - 2 potions of haste {unknown}
 f - 2 potions of curing {unknown}
 g - 3 potions of lignification
 j - 2 potions of heal wounds
 o - a potion of flight {unknown}
 s - a potion of agility {unknown}
 w - a potion of mutation {unknown}
 C - a potion of degeneration {unknown}
Comestibles
 c - 4 rations


   Skills:
 + Level 10.4 Fighting
 + Level 10.5 Axes
 + Level 10.1 Armour
 - Level 2.2 Dodging


You had 8 spell levels left.
You didn't know any spells.
Your spell library was empty.

Dungeon Overview and Level Annotations

Branches:
Dungeon (7/15)             Temple (1/1) D:4

Altars:
Ashenzari
Cheibriados
Dithmenos
Elyvilon
Fedhas
Gozag
Hepliaklqana
Makhleb
Nemelex Xobeh
Okawaru
Qazlal
Ru
Sif Muna
Trog
Uskayaw
Vehumet
Wu Jian
Xom
Yredelemnul
Zin
The Shining One

Shops:
D:2 *


Innate Abilities, Weirdness & Mutations

You reflexively headbutt those who attack you in melee.
You have a pair of horns on your head.


Message History

The gargoyle hits you with a +0 morningstar!
* * * LOW HITPOINT WARNING * * *
You barely miss the gargoyle.
The gargoyle is heavily damaged.
The gargoyle hits you with a +0 morningstar.
* * * LOW HITPOINT WARNING * * *
You hit the gargoyle but do no damage.
The gargoyle is heavily damaged.
The gargoyle closely misses you.
You slash the gargoyle!
You headbutt the gargoyle, but do no damage.
The gargoyle is severely damaged.
The gargoyle hits you with a +0 morningstar!
* * * LOW HITPOINT WARNING * * *
You completely miss the gargoyle.
You headbutt the gargoyle, but do no damage.
The gargoyle is severely damaged.
The gargoyle hurls a stone arrow at you.
The stone arrow hits you!
You die...

..................
#.##............##
#.................
##...###.##<.......
....................
........##...#######.
>.........#.###)### .####
.......#....#8##9.+## ....#
.......#.#.###'.@...+###.#.#
.........#.#8#.......#8#.#.##
...........##'............>.##
...........##....8...........#
....#......##)............#.<###
#.#...(....#!#.......#8#........
.....#.....###).....)###.......#
#.#..#......#(##).'##.#........#
.....#.#.##.###.###8###.........


You could see a gargoyle.

Vanquished Creatures
  3 gargoyles (D:7)
  Prince Ribbit (D:6)
  The ghost of jlumianski the Grasshopper, an amateur GnWr (D:4)
  A water moccasin (D:6)
  A sky beast (D:6)
  An orc warrior (D:6)
  2 ice beasts (D:5)
  A phantom (D:5)
  3 ogres
  4 bullfrogs
  A wyvern skeleton (D:4)
  2 scorpions
  5 killer bees (D:7)
  A crimson imp (D:5)
  A centaur zombie (D:5)
  A jelly (D:5)
  3 bullfrog zombies
  3 hounds
  Crazy Yiuf (D:3)
  2 orc priests
  7 orc wizards
  Ijyb (D:3)
  An iguana (D:6)
  Natasha (thrice) (D:3)
  2 worker ants
  A hound zombie (D:5)
  A hound skeleton (D:5)
  A worker ant zombie (D:7)
  8 adders
  2 oozes (D:3)
  2 adder zombies (D:5)
  7 adder skeletons
  A worm (D:2)
  3 dart slugs
  5 leopard geckos
  19 orcs
  A ball python (D:4)
  4 bats
  7 giant cockroaches
  13 hobgoblins
  18 jackals
  4 quokkas
  3 frilled lizards
  A giant cockroach zombie (D:5)
  6 goblins
  2 jackal skeletons
  7 kobolds
  3 leopard gecko skeletons
  A quokka skeleton (D:6)
  11 rats
  A withered plant (D:5)
184 creatures vanquished.

Vanquished Creatures (collateral kills)
  A gargoyle (D:7)
1 creature vanquished.

Grand Total: 185 creatures vanquished

Notes
Turn   | Place    | Note
-------+----------+-------------------------------------------
     0 | D:1      | swicky the Minotaur Berserker began the quest for the Orb.
     0 | D:1      | Reached XP level 1. HP: 19/19 MP: 0/0
   166 | D:1      | Reached XP level 2. HP: 25/27 MP: 1/1
   363 | D:1      | Reached ** piety under Trog
   380 | D:1      | Reached XP level 3. HP: 23/33 MP: 2/2
   887 | D:2      | Found a glowing silver altar of Zin.
   889 | D:2      | Found Zin's Purification Station.
  1342 | D:2      | Reached XP level 4. HP: 35/41 MP: 3/3
  1350 | D:2      | Reached *** piety under Trog
  1620 | D:3      | Noticed Natasha
  1622 | D:3      | Killed Natasha
  1915 | D:3      | Reached skill level 5 in Axes
  1915 | D:3      | Reached XP level 5. HP: 45/47 MP: 4/4
  1920 | D:3      | Noticed Ijyb
  1941 | D:3      | Killed Ijyb
  1941 | D:3      | Reached skill level 5 in Fighting
  2052 | D:3      | Found a sparkling altar of Nemelex Xobeh.
  2065 | D:3      | Found a shattered altar of Ashenzari.
  2090 | D:3      | Noticed Natasha
  2103 | D:3      | Killed Natasha
  2103 | D:3      | Reached XP level 6. HP: 56/56 MP: 5/5
  2220 | D:3      | Found a runed translucent door.
  2221 | D:3      | Noticed Crazy Yiuf
  2339 | D:3      | Paralysed by Crazy Yiuf for 7 turns
  2350 | D:3      | Killed Crazy Yiuf
  2509 | D:3      | Found a sparkling altar of Nemelex Xobeh.
  2522 | D:3      | Found a shattered altar of Ashenzari.
  2563 | D:3      | Noticed Natasha
  2575 | D:3      | Killed Natasha
  2575 | D:3      | Reached skill level 5 in Armour
  3308 | D:4      | Found a staircase to the Ecumenical Temple.
  3329 | D:4      | Found a runed translucent gate.
  3329 | D:4      | Found a runed translucent gate.
  3330 | D:4      | Found a runed translucent gate.
  3607 | D:4      | Reached **** piety under Trog
  3613 | D:4      | Reached XP level 7. HP: 51/63 MP: 6/6
  4185 | D:4      | Noticed jlumianski's ghost (amateur GnWr)
  4211 | D:4      | Killed jlumianski's ghost
  4239 | Temple   | Entered the Ecumenical Temple
  4430 | D:5      | Entered Level 5 of the Dungeon
  4526 | D:5      | Found a bloodstained altar of Trog.
  4584 | D:5      | Reached XP level 8. HP: 73/73 MP: 7/7
  5012 | D:5      | Found a glowing golden altar of the Shining One.
  5103 | D:5      | Received a gift from Trog
  5462 | D:6      | Found a burning altar of Makhleb.
  5931 | D:6      | Reached XP level 9. HP: 82/82 MP: 8/8
  6097 | D:6      | Found an iron altar of Okawaru.
  6206 | D:6      | Noticed Prince Ribbit
  6216 | D:6      | Killed Prince Ribbit
  6839 | D:7      | Noticed a gargoyle
  6851 | D:7      | Killed a gargoyle
  6851 | D:7      | Reached skill level 10 in Axes
  7085 | D:7      | Noticed a gargoyle
  7088 | D:7      | Killed a gargoyle
  7088 | D:7      | Reached skill level 10 in Fighting
  7099 | D:7      | Noticed a gargoyle
  7117 | D:7      | Killed a gargoyle
  7117 | D:7      | Reached skill level 10 in Armour
  7534 | D:7      | Noticed a gargoyle
  7538 | D:7      | Killed a gargoyle
  7551 | D:7      | Noticed a gargoyle
  7560 | D:7      | Killed from afar by a gargoyle

Skill      XL: |  1  2  3  4  5  6  7  8  9 |
---------------+----------------------------+-----
Axes           | 4 5 6 7 9 10 | 10.5
Fighting       | 4 5 6 7 8 10 | 10.4
Armour         | 3 4 5 6 8 10 | 10.1
Dodging        | |  2.2

Action                   |  1- 3 |  4- 6 |  7- 9 || total
-------------------------+-------+-------+-------++-------
Melee: Hand axe          |    85 |   113 |   303 ||   501
       Headbutt          |    21 |    23 |    82 ||   126
Invok: Berserk           |     1 |     5 |    13 ||    19
       Trog's Hand       |       |     3 |     6 ||     9
       Brothers in Arms  |       |       |     1 ||     1
  Use: Scroll            |       |     1 |       ||     1
       Potion            |       |       |     2 ||     2
  Eat: Chunk             |     1 |    10 |    16 ||    27
       Ration            |       |     1 |     3 ||     4
Armor: Animal skin       |    12 |       |       ||    12
       Ring mail         |    14 |    18 |       ||    32
       Chain mail        |       |    37 |    95 ||   132
       Plate armour      |       |       |    44 ||    44
       Skin              |       |       |     1 ||     1
Dodge: Dodged            |    63 |    61 |   107 ||   231
